Map: 2000 Atmospheres LE

Players

Kas

  • Race: Terran Terran
  • League: Master

Strange - Winner!

  • Race: Protoss Protoss
  • League: Master

Event: DreamHack SC2 Masters 2021 Summer

VOD

Have the link to the VOD?

Description

Time

  • Played on: May 26, 2021, 10:30 a.m.
  • Length: 10:17

All games in this series

Show
View Real Time Build Order
Export as new Build Order

Kas Terran 

Build Orders:  

Get SALT Encoding   

  12  0:00  SCV  
  13  0:13  SCV  
  14  0:16  Supply Depot  
  14  0:25  SCV  
  15  0:38  SCV  
  15  0:42  Barracks  
  16  0:45  Refinery  
  16  0:50  SCV  
  17  1:02  SCV  
  18  1:14  SCV  
  19  1:28  Marine  
  19  1:29  Orbital Command  
  20  1:44  Command Center  
  20  1:48  Barracks Reactor  
  20  1:51  Supply Depot  
  20  1:55  SCV  
  21  2:07  SCV  
  22  2:10  Barracks  
  22  2:19  SCV  
  23  2:24  Marine x2  
  23  2:29  Engineering Bay  
  25  2:32  SCV  
  25  2:36  Bunker  
  26  2:42  Marine x2  
  26  2:44  SCV  
  29  2:56  SCV  
  30  2:58  Barracks Tech Lab, Terran Infantry Weapons Level 1  
  30  3:02  Refinery  
  30  3:04  Orbital Command  
  30  3:08  SCV  
  30  3:12  Marine x2  
  33  3:18  Stimpack  
  33  3:20  SCV  
  33  3:24  Marine  
  35  3:30  SCV, Marine  
  35  3:32  SCV  
  35  3:33  Marine  
  39  3:37  Factory  
  39  3:43  SCV, Marine  
  39  3:47  SCV, Marine  
  43  3:49  Supply Depot  
  43  3:52  Marine  
  43  3:55  SCV  
  45  3:59  Supply Depot  
  45  4:00  SCV  
  46  4:10  SCV, Marine  
  46  4:11  Marauder  
  46  4:12  SCV, Supply Depot  
  51  4:20  Missile Turret  
  51  4:22  SCV  
  51  4:23  Starport, Factory Reactor  
  52  4:24  SCV  
  52  4:26  Marine  
  54  4:34  Marauder  
  54  4:35  SCV  
  54  4:36  Supply Depot  
  54  4:37  SCV  
  58  4:44  Marine x2  
  60  4:47  SCV  
  60  4:49  SCV  
  62  4:54  Terran Infantry Armor Level 1  
  62  4:55  Marauder  
  62  4:58  Combat Shield  
  62  4:59  SCV, Supply Depot  
  65  5:01  SCV  
  65  5:03  Widow Mine x2  
  65  5:04  Marine x2  
  72  5:14  Medivac  
  74  5:15  SCV  
  74  5:19  Marauder  
  77  5:23  Refinery  
  77  5:24  SCV, Marine x2, Supply Depot  
  80  5:34  Factory Reactor, Command Center  
  80  5:36  SCV  
  80  5:42  Marauder, Marine x2  
  84  5:44  SCV  
  84  5:45  Barracks  
  83  5:56  SCV  
  80  6:02  Marine  
  80  6:03  Marauder  
  76  6:09  SCV, Marine  
  76  6:10  Medivac x2  
  76  6:15  SCV  
  74  6:18  Barracks  
  74  6:19  Barracks  
  74  6:20  Refinery, Marine, Supply Depot  
  74  6:21  Widow Mine  
  74  6:22  Widow Mine, SCV  
  74  6:24  Marauder  
  82  6:27  SCV  
  83  6:34  SCV  
  83  6:37  Barracks Tech Lab  
  83  6:39  SCV  
  85  6:42  Medivac  
  85  6:43  Marine x2, Medivac  
  91  6:48  Orbital Command  
  91  6:53  Widow Mine x2, Marauder  
  97  6:55  SCV x2  
  97  7:00  Marauder, Concussive Shells  
  101  7:01  Marine x2  
  101  7:06  Orbital Command  
  101  7:07  SCV  
  104  7:12  Barracks Tech Lab  
  104  7:13  Barracks Reactor  
  104  7:15  SCV, Marauder  
  107  7:19  SCV  
  107  7:22  Marauder, Marine x2, Supply Depot x2  
  112  7:27  SCV  
  113  7:33  SCV, Marauder  
  113  7:36  Marine  
  117  7:40  Supply Depot  
  117  7:41  Supply Depot  
  117  7:44  Widow Mine, SCV, Marauder, Marine, Medivac x2  
  117  7:45  Refinery  
  127  7:57  Marauder  
  116  7:59  Marauder, Marine x2  
  116  8:05  SCV, Marine  
  119  8:06  Marauder, Marine  
  119  8:07  SCV  
  119  8:10  SCV  
  123  8:13  Widow Mine x2, Armory, Engineering Bay  
  123  8:16  Marine  
  123  8:18  SCV  
  123  8:19  Marauder  
  129  8:20  Marauder  
  129  8:21  Marine  
  129  8:22  Medivac  
  129  8:23  Marine  
  128  8:27  Refinery, Marauder, Marine, Ghost Academy  
  128  8:30  SCV  
  128  8:32  SCV  
  133  8:34  Marine  
  133  8:35  SCV  
  133  8:37  Missile Turret, Supply Depot  
  133  8:38  Supply Depot  
  133  8:40  Marauder  
  129  8:42  Marauder  
  129  8:43  SCV, Marine x2  
  129  8:45  Marine  
  129  8:47  Widow Mine x2, Medivac  
  134  8:52  Medivac  
  136  9:02  Marauder, Ghost x2  
  138  9:03  Marine x2  
  138  9:04  Marine x2  
  140  9:16  Widow Mine x2  
  142  9:20  Marine  
  142  9:21  Marine  
  142  9:23  Marauder, Marine  
  142  9:24  Marine  
  148  9:25  Command Center  
  148  9:26  Viking x2  
  148  9:27  SCV  
  148  9:31  Marauder  
  148  9:32  Marauder  
  136  9:44  Marauder, Marine x4  
  136  9:52  Marauder  
  136  9:53  Marauder  
Show
View Real Time Build Order
Export as new Build Order

Strange Protoss - Winner!

Build Orders: 1 Gate Expand, Blink Stalkers, Colossus Rush 

Get SALT Encoding   

  12  0:00  Probe  
  13  0:12  Probe  
  14  0:17  Pylon  
  14  0:24  Probe (Chrono Boost)  
  16  0:36  Probe (Chrono Boost), Gateway  
  16  0:43  Probe (Chrono Boost)  
  16  0:45  Assimilator  
  17  0:51  Probe  
  18  1:03  Probe  
  19  1:15  Probe  
  20  1:23  Cybernetics Core  
  20  1:33  Nexus  
  20  1:39  Pylon  
  20  1:43  Probe  
  21  1:48  Assimilator  
  21  1:55  Probe  
  21  1:57  Adept (Chrono Boost)  
  21  2:00  Warp Gate  
  24  2:07  Probe  
  25  2:17  Stalker (Chrono Boost)  
  25  2:19  Probe  
  28  2:30  Twilight Council  
  28  2:31  Probe  
  30  2:45  Probe (Chrono Boost), Stalker  
  30  2:48  Probe (Chrono Boost)  
  33  2:54  Probe (Chrono Boost)  
  34  2:59  Probe x2 (Chrono Boost)  
  34  3:00  Gateway  
  34  3:03  Blink (Chrono Boost)  
  36  3:11  Probe  
  37  3:13  Probe  
  38  3:24  Probe  
  38  3:25  Probe, Pylon  
  40  3:29  Shield Battery  
  40  3:36  Probe, Robotics Facility  
  40  3:40  Probe  
  42  3:48  Probe, Assimilator  
  43  3:50  Assimilator  
  43  3:52  Probe  
  44  3:58  Sentry  
  44  4:00  Probe  
  47  4:04  Probe  
  47  4:06  Pylon  
  48  4:12  Probe  
  48  4:16  Probe  
  50  4:17  Pylon  
  50  4:22  Pylon  
  50  4:24  Probe, Stalker x2  
  52  4:25  Observer  
  52  4:28  Probe  
  52  4:30  Robotics Bay  
  57  4:36  Probe  
  58  4:39  Pylon  
  58  4:40  Probe  
  57  4:47  Observer, Forge  
  57  4:48  Probe, Shield Battery  
  57  4:52  Probe, Stalker  
  62  5:00  Probe  
  62  5:05  Stalker  
  65  5:12  Nexus  
  65  5:15  Pylon  
  65  5:20  Colossus (Chrono Boost)  
  71  5:28  Sentry x2  
  71  5:30  Protoss Ground Weapons Level 1 (Chrono Boost)  
  75  5:36  Shield Battery  
  74  5:46  Gateway x2  
  74  5:57  Observer  
  74  6:03  Stalker x2  
  70  6:12  Probe x2  
  70  6:16  Colossus (Chrono Boost)  
  70  6:17  Pylon  
  70  6:24  Probe x2  
  70  6:25  Probe  
  73  6:27  Gateway  
  73  6:28  Gateway  
  79  6:35  Observer  
  79  6:36  Probe  
  79  6:37  Probe x2  
  81  6:40  Charge  
  81  6:50  Photon Cannon  
  81  6:51  Photon Cannon  
  81  6:52  Probe  
  81  6:54  Probe, Photon Cannon  
  83  7:04  Stalker x3  
  88  7:09  Probe x3 (Chrono Boost)  
  91  7:18  Colossus (Chrono Boost)  
  91  7:21  Probe (Chrono Boost)  
  100  7:23  Protoss Ground Weapons Level 2 (Chrono Boost)  
  100  7:27  Probe x2 (Chrono Boost), Assimilator  
  100  7:28  Pylon, Assimilator  
  100  7:29  Probe (Chrono Boost)  
  101  7:33  Probe (Chrono Boost)  
  101  7:34  Probe  
  102  7:41  Stalker  
  102  7:43  Stalker  
  106  7:48  Zealot x2  
  110  7:57  Pylon  
  108  8:00  Stalker x2  
  113  8:05  Observer  
  113  8:12  Pylon, Stalker x2  
  114  8:24  Observer, Warp Prism (Chrono Boost)  
  116  8:27  Gateway  
  116  8:28  Stalker x4  
  116  8:31  Gateway  
  116  8:32  Pylon  
  116  8:33  Photon Cannon, Pylon  
  124  8:35  Observer  
  122  8:48  Stalker  
  122  8:50  Stalker  
  126  8:58  Stalker x4  
  132  9:05  Colossus  
  132  9:16  Pylon  
  138  9:23  Stalker x5  
  140  9:45  Zealot x3  
  146  9:47  Zealot x5  
  117  10:09  Stalker x8  
Tags
 
Add a new tag
Caveats
  • Supply blocks, unpowered buildings, or Contaminate may cause inaccurate times.
  • Supply counts are checked every 10 seconds.